 Dungeon Crawl Stone Soup version 0.31-a0-271-gb88eb75e06 (webtiles) character file.

Game seed: 15690906773803535006

75 HallandMoats the Trooper (level 4, -1/37 HPs)
             Began as a Demonspawn Fighter on July 15, 2023.
             Was an Initiate of Gozag.
             Killed by divine providence
             ... invoked by an orc priest
              (13 damage)
             ... on level 3 of the Dungeon.
             The game lasted 00:02:52 (2122 turns).

HallandMoats the Trooper (Demonspawn Fighter)       Turns: 2122, Time: 00:02:53

Health: -1/37      AC:  7    Str: 19    XL:     4   Next: 11%
Magic:  4/4        EV:  9    Int:  9    God:    Gozag
Gold:   266        SH:  4    Dex: 12    Spells: 3/3 levels left

rFire   . . .        a - +0 war axe
rCold   . . .        c - +0 buckler
rNeg    . . .        b - +0 scale mail
rPois   .            (helmet restricted)
rElec   .            d - +0 cloak
rCorr   +            (no gloves)
SInv    +            (no boots)
Will    .....        (no amulet) Stlth
                     g - ring of see invisible
HPRegen 0.26/turn    m - ring of resist corrosion
MPRegen 0.09/turn

%: no passive effects
@: no status effects
A: hooves 1, horns 1
a: Renounce Religion, Potion Petition, Call Merchant, Bribe Branch


You were on level 3 of the Dungeon.
You worshipped Gozag.
Gozag was aware of your devotion.
You visited 1 branch of the dungeon, and saw 3 of its levels.

You collected 266 gold pieces.

Inventory:

Hand Weapons
 a - a +0 war axe (weapon)
Armour
 b - a +0 scale mail (worn)
 c - a +0 buckler (worn)
 d - a +0 cloak (worn)
Jewellery
 g - a ring of see invisible (left hand)
 m - a ring of resist corrosion (right hand)
Scrolls
 f - a scroll of silence {unknown}
 i - a scroll of vulnerability {unknown}
 j - 2 scrolls of identify {unknown}
 k - a scroll of immolation {unknown}
 n - a scroll of fear {unknown}
 o - a scroll of enchant weapon {unknown}
 p - a scroll of poison {unknown}
 r - a scroll of noise {unknown}
Potions
 e - 2 potions of brilliance {unknown}
 h - 2 potions of lignification {unknown}
 l - a potion of curing {unknown}
 q - a potion of haste {unknown}


   Skills:
 * Level 3.9 Fighting
 * Level 2.9 Axes
 - Level 2.6 Armour
 + Level 3.1 Shields


You had 3 spell levels left.
You didn't know any spells.
Your spell library contained the following spells:

 Spells                   Type           Power      Damage    Failure   Level
 Lesser Beckoning         Tloc           0%         N/A       93%         2
 Gell's Gravitas          Tloc           0%         N/A       99%         3
 Teleport Other           Tloc           0%         N/A       99%         3


Dungeon Overview and Level Annotations

Branches:
Dungeon (3/15)

Altars:
Fedhas
Gozag
Okawaru
Sif Muna

Annotations:
D:3 2 transporters, Iniera's ghost, weakling KoMo


Innate Abilities, Weirdness & Mutations

You have large cloven feet.
You have a pair of small horns on your head.


Message History

You kill the quokka!
The hobgoblin hits you but does no damage.
You see here 5 gold pieces.
You hit the hobgoblin but do no damage. You headbutt the hobgoblin.
You kill the hobgoblin!
You now have 261 gold pieces (gained 4).
You now have 266 gold pieces (gained 5).
Found a robe.
Found a stone staircase leading down.
Found an escape hatch in the floor.
There is a stone staircase leading down here.
An orc priest comes into view. It is wielding a +0 club.
Found a stone staircase leading up.
The orc priest shouts!
An orc wizard comes into view. It is wielding a +0 dagger.
The orc wizard shouts!
An orc comes into view. It is wielding a +0 hand axe.
An orc comes into view. It is wielding a +0 dagger.
The orc shouts!
The orc priest invokes the aid of Beogh against you.
Beogh smites you!
You slash the orc priest! Your kick misses the orc priest.
The orc priest is heavily wounded.
The orc priest hits you with a +0 club.
You barely miss the orc priest. You headbutt the orc priest.
The orc priest is severely wounded.
You hit the orc wizard.
The orc priest calls down the wrath of Beogh upon you.
Beogh smites you!
An orc comes into view. It is wielding a +0 mace.
The orc priest looks satisfied for a moment.
The orc wizard hits you but does no damage.
The orc shouts!
You hit the orc priest but do no damage.
The orc priest is severely wounded.
You hit the orc wizard but do no damage.
The orc priest mumbles some strange prayers to Beogh against you.
Beogh smites you!
You die...
Your body crumbles into a pile of gold.

.#.....####.######
.'............>..#
.#..........#..#.#
.####..........#.#
.# #.......#..#.# .#
#..........#.# .#
#........#.#.# ..
#........#.#.##.##.#
...
###...#.#.o@.......
#.. #.#>.o..#...# $
#..oo<.....
#....##### #.....
#.##.## .. .o ##. .#


You could see an orc priest, an orc wizard and 3 orcs.

Vanquished Creatures
  Crazy Yiuf (D:2)
  A dart slug (D:2)
  4 orcs (D:3)
  3 ball pythons (D:1)
  3 endoplasms
  3 giant cockroaches
  4 goblins
  4 hobgoblins
  A jackal (D:1)
  A quokka (D:3)
  2 bats
  4 frilled lizards (D:2)
  3 kobolds
  3 rats
37 creatures vanquished.

Notes
Turn   | Place    | Note
-------+----------+-------------------------------------------
     0 | D:1      | HallandMoats the Demonspawn Fighter began the quest for the
                  | Orb.
     0 | D:1      | Reached XP level 1. HP: 18/18 MP: 1/1
   175 | D:1      | Found a faded altar of an unknown god.
   286 | D:1      | Discovered your monstrous ancestry.
   286 | D:1      | Gained mutation: You have large cloven feet. [demonic
                  | ancestry]
   286 | D:1      | Reached XP level 2. HP: 21/24 MP: 2/2
   895 | D:1      | Prayed at the altar of an unknown god.
   895 | D:1      | Became a worshipper of Gozag Ym Sagoz the Greedy
  1009 | D:2      | Found an iron altar of Okawaru.
  1515 | D:2      | Reached XP level 3. HP: 29/29 MP: 3/3
  1699 | D:2      | Found a runed translucent door.
  1700 | D:2      | Noticed Crazy Yiuf
  1800 | D:2      | Killed Crazy Yiuf
  1891 | D:3      | Gained mutation: You have a pair of small horns on your
                  | head. [demonic ancestry]
  1891 | D:3      | Reached XP level 4. HP: 36/37 MP: 4/4
  1911 | D:3      | Found a transporter.
  1918 | D:3      | Found a transporter.
  1918 | D:3      | Noticed Iniera's ghost (weakling KoMo)
  1998 | D:3      | Found a shimmering blue altar of Sif Muna.
  2049 | D:3      | Found a blossoming altar of Fedhas.
  2122 | D:3      | Killed from afar by an orc priest

Illustrated notes

Levels and vault maps discovered:
D:1:      saegor_arrival_fortress, layout_loops_ring,
          dilly_ecumenical_altar_fadedgnrine, st_stairs_3, nicolae_the_louvre
D:2:      layout_loops_cross, basic_altar, minmay_parallelograms,
          uniq_crazy_yiuf_cottage
D:3:      layout_basic, mainiacjoe_overflow_catwalk,
          mainiacjoe_overflow_24_doors, gammafunk_ghost_arena

Skill      XL: |  1  2  3 |
---------------+----------+-----
Axes           | 2 |  2.9
Shields        | 3 |  3.1
Fighting       | |  3.9
Armour         | |  2.6

Action                     |  1- 3 |  4- 6 || total
---------------------------+-------+-------++-------
  Melee: War axe           |    60 |    11 ||    71
         Kick              |     7 |     1 ||     8
         Headbutt          |       |     4 ||     4
    Use: Potion            |     1 |       ||     1
 Armour: Scale mail        |    24 |     3 ||    27
  Dodge: Dodged            |    32 |     3 ||    35
  Block: Buckler           |    13 |     1 ||    14

Table legend: (Time is in decaauts)
 A = Elapsed time spent in this place.
 B = Non-inter-level travel time spent in this place.
 C = Inter-level travel time spent in this place.
 D = Time resting spent in this place.
 E = Time spent auto-exploring this place.
 F = Levels seen in this place.
 G = Mean time per level.
                   A        B        C        D        E       F      G
               +--------+--------+--------+--------+--------+-----+--------+
         Total |   2149 |   2069 |     80 |      0 |   1686 |   3 |  716.3 |
       Dungeon |   2149 |   2069 |     80 |      0 |   1686 |   3 |  716.3 |
               +--------+--------+--------+--------+--------+-----+--------+

Top non-repeatable levels by time:
     D:1: 959 daAuts
     D:2: 940 daAuts
     D:3: 249 daAuts
